 Dungeon Crawl Stone Soup version 0.31-a0-986-g5e6e4ef867 (webtiles) character file.

Game seed: 5230685338142549923

4711 Lobster4 the Skirmisher (level 10, -4/88 (90) HPs)
             Began as a Minotaur Hunter on Nov 5, 2023.
             Was a Believer of Fedhas.
             Slain by a chaos spawn (13 damage)
             ... on level 8 of the Dungeon.
             The game lasted 00:30:32 (9380 turns).

Lobster4 the Skirmisher (Minotaur Hunter)           Turns: 9380, Time: 00:30:32

HP:   -4/88 (90)    AC:  7    Str: 22    XL:     10   Next: 22%
MP:   10/10         EV: 13    Int:  6    God:    Fedhas [**....]
Gold: 369           SH:  5    Dex: 18    Spells: 9/9 levels left

rFire   . . .        b - +2 dagger (venom)
rCold   + . .        (no shield)
rNeg    . . .        j - +0 ring mail
rPois   .            (helmet restricted)
rElec   .            (no cloak)
rCorr   .            t - +0 pair of gloves
SInv    .            (no boots)
Will    .....        F - amulet of reflection
Stlth   +            u - ring of protection from cold
HPRegen 0.34/turn    g - +6 ring of strength
MPRegen 0.12/turn

%: reflection
@: lightly drained
A: horns 2, retaliatory headbutt, low MP 1
a: Renounce Religion, Wall of Briars


You were on level 8 of the Dungeon.
You worshipped Fedhas.
Fedhas was pleased with you.
You visited 1 branch of the dungeon, and saw 9 of its levels.

You collected 369 gold pieces.

Inventory:

Hand Weapons
 a - a +0 shortbow
 b - a +2 dagger of venom (weapon)
 e - a +1 hand axe of electrocution
 k - a +0 short sword
 p - a +0 sling
 v - a +1 battleaxe
 y - a +2 mace of freezing
 A - a +0 orcbow
 C - a +3 war axe
Missiles
 n - 6 boomerangs
 q - 37 poisoned darts
 s - 4 javelins
Armour
 c - a +0 leather armour
 j - a +0 ring mail (worn)
 t - a +0 pair of gloves (worn)
 D - a +1 robe of willpower
Jewellery
 f - a ring of positive energy
 g - a +6 ring of strength (right hand)
 r - a ring of resist corrosion
 u - a ring of protection from cold (left hand)
 F - an amulet of reflection (around neck)
 J - a ring of flight
Wands
 d - a wand of flame (25)
 x - a wand of light (28)
Scrolls
 l - a scroll of blinking
 w - a scroll of silence
 B - 3 scrolls of teleportation
 G - a scroll of enchant armour {unknown}
Potions
 h - a potion of magic
 i - 3 potions of heal wounds {unknown}
 m - 3 potions of enlightenment {unknown}
 o - 2 potions of might
 z - 2 potions of mutation {unknown}
 E - a potion of brilliance


   Skills:
 + Level 8.8 Fighting
 - Level 2.0 Short Blades
 * Level 11.9 Ranged Weapons
 + Level 5.2 Armour
 - Level 5.0 Dodging
 - Level 1.0 Stealth
 + Level 4.0 Invocations
 - Level 3.0 Evocations


You had 9 spell levels left.
You didn't know any spells.
Your spell library contained the following spells:

 Spells                   Type           Power      Damage    Failure   Level
 Wereblood                Tmut           0%         N/A       75%         2
 Brom's Barrelling Bould  Conj/Erth      0%         2d3       100%        4
 Fireball                 Conj/Fire      0%         3d3       100%        5
 Irradiate                Conj/Tmut      0%         3d11      100%        5
 Iskenderun's Battlesphe  Conj           0%         2d6       100%        5
 Conjure Ball Lightning   Conj/Air       0%         3x3d6     100%        6
 Malign Gateway           Summ/Tloc      0%         N/A       100%        7
 Orb of Destruction       Conj           0%         9d5       100%        7
 Summon Horrible Things   Summ           0%         N/A       100%        8


Dungeon Overview and Level Annotations

Branches:
Dungeon (9/15)             Temple (0/1) D:7
   Lair: D:8-11         Orc: D:9-12

Altars:
Ashenzari
Fedhas
Nemelex Xobeh
Okawaru
Ru
Uskayaw
Xom
Yredelemnul
Zin
The Shining One

Shops:
D:5 :

Annotations:
D:8 Amaemon


Innate Abilities, Weirdness & Mutations

You have a pair of horns on your head.
You reflexively headbutt those who attack you in melee.
Your magical capacity is low. (-10% MP)


Message History

The quasit claws you but does no damage.
The quasit barely misses you.
A yak comes into view.
You climb upwards.
Level annotation: Amaemon
There is a stone staircase leading down here.
Press: ? - help, v - describe, . - travel
Here: a chaos spawn (moderately wounded)
The floor.
Your +2 dagger of venom begins to drip with poison!
b - a +2 dagger of venom (weapon)
You hit the chaos spawn but do no damage.
The chaos spawn is poisoned.
Your headbutt misses the chaos spawn.
The chaos spawn is moderately wounded.
You block the chaos spawn's attack.
You hit the chaos spawn but do no damage.
The chaos spawn looks even sicker.
The chaos spawn is moderately wounded.
The chaos spawn gores you!
You are confused.
The chaos spawn hits you. The chaos spawn shocks you!
You closely miss the chaos spawn. Your headbutt misses the chaos spawn.
The chaos spawn is lightly wounded.
The chaos spawn hits you!
You feel drained.
The chaos spawn attacks as it pursues you!
The chaos spawn gores you!
You hit the chaos spawn.
The chaos spawn looks as sick as possible!
Your headbutt misses the chaos spawn.
The chaos spawn is heavily wounded.
The chaos spawn closely misses you. The chaos spawn gores you.
You feel less confused. The chaos spawn gores you!
Space warps horribly around you!!
* * * LOW HITPOINT WARNING * * *
You hit the chaos spawn. Your headbutt misses the chaos spawn.
The chaos spawn is almost dead.
The chaos spawn gores you!
You die...
Fedhas appreciates your contribution to the ecosystem.

..## #.# ##................
#..###.## #####.................
##..###.####..##.............(...
##.# #.......#..................
#..# #.......#..................
##.[###.....#.#...........<.....#
#...##........................###
#.......(.......4............## #
##...........#..@............####
##.........##................>.#
#..##......##....>.......###...#
##.####...#..#...........(..###.#
#.## #..)###................).((#
.## ##...# ###...........####.).#
## ##.##.## #.........### ###[#
####.####.# ##.........# ##..
##..## #.# ##.....#..## ##...


You could see a chaos spawn (extremely poisoned).

Vanquished Creatures
  Pikel (D:8)
  An orange demon (D:8)
  Prince Ribbit (D:8)
  Sigmund (D:6)
  A water moccasin (D:7)
  2 ice beasts
  An orc warrior (D:8)
  4 centaurs
  3 phantoms
  2 lemures (D:8)
  7 kobold brigands
  3 bullfrogs
  5 scorpions (D:5)
  10 wights (D:7)
  6 killer bees
  6 howler monkeys
  A gnoll bouda (D:5)
  A hound (D:3)
  2 orc priests
  A jelly (D:8)
  3 iguanas
  Ijyb (D:3)
  A sleepcap (D:5)
  4 orc wizards
  9 gnolls
  5 adders
  3 white imps
  4 ufetubi
  2 worms (D:3)
  5 dart slugs
  27 orcs
  5 ball pythons
  3 endoplasms
  5 giant cockroaches
  5 goblins
  4 hobgoblins
  4 jackals (D:1)
  5 quokkas
  6 bats
  36 kobolds
  3 rats
199 creatures vanquished.

Notes
Turn   | Place    | Note
-------+----------+-------------------------------------------
     0 | D:1      | Lobster4 the Minotaur Hunter began the quest for the Orb.
     0 | D:1      | Reached XP level 1. HP: 18/18 MP: 0/0
    58 | D:1      | Reached skill level 1 in Stealth
   113 | D:1      | Reached XP level 2. HP: 25/25 MP: 1/1
   319 | D:1      | Found a faded altar of an unknown god.
   469 | D:1      | Reached skill level 1 in Armour
   688 | D:1      | Reached XP level 3. HP: 30/30 MP: 2/2
  1020 | D:2      | Reached skill level 5 in Ranged Weapons
  1628 | D:3      | Noticed Ijyb
  1773 | D:3      | Reached XP level 4. HP: 38/38 MP: 3/3
  2402 | D:3      | Killed Ijyb
  2471 | D:3      | Reached XP level 5. HP: 36/45 MP: 4/4
  2765 | D:4      | Found an iron altar of Okawaru.
  3622 | D:3      | Reached skill level 6 in Ranged Weapons
  3870 | D:4      | Reached XP level 6. HP: 38/52 MP: 5/5
  3977 | D:5      | Entered Level 5 of the Dungeon
  4145 | D:5      | Found a sparkling altar of Nemelex Xobeh.
  4147 | D:5      | Found a broken altar of Ashenzari.
  4278 | D:5      | Reached XP level 7. HP: 53/60 MP: 6/6
  4390 | D:5      | Reached skill level 1 in Short Blades
  4430 | D:5      | Reached skill level 7 in Ranged Weapons
  4502 | D:5      | Found Wenaiw's Book Shop.
  4834 | D:5      | Reached skill level 5 in Fighting
  5236 | D:5      | Reached XP level 8. HP: 44/68 MP: 7/7
  5418 | D:5      | Reached skill level 8 in Ranged Weapons
  5418 | D:5      | Reached skill level 5 in Dodging
  5463 | D:6      | Reached skill level 5 in Armour
  5541 | D:6      | Found a hide-covered altar of Uskayaw.
  5758 | D:6      | Reached skill level 9 in Ranged Weapons
  5774 | D:6      | Found a basalt altar of Yredelemnul.
  5883 | D:6      | Noticed Sigmund
  5894 | D:6      | Killed Sigmund
  6003 | D:6      | Found a glowing golden altar of the Shining One.
  6095 | D:6      | Found a sacrificial altar of Ru.
  6149 | D:7      | Found a blossoming altar of Fedhas.
  6166 | D:7      | Reached XP level 9. HP: 39/79 MP: 8/8
  6289 | D:7      | Became a worshipper of Fedhas Madash
  6345 | D:7      | Found a shimmering altar of Xom.
  6535 | D:7      | Reached skill level 10 in Ranged Weapons
  6554 | D:7      | Reached skill level 1 in Invocations
  6567 | D:7      | Reached skill level 1 in Evocations
  6905 | D:7      | Found a glowing silver altar of Zin.
  6936 | D:7      | Reached * piety under Fedhas
  7573 | D:7      | Found a staircase to the Ecumenical Temple.
  8042 | D:8      | Reached skill level 11 in Ranged Weapons
  8110 | D:8      | Reached ** piety under Fedhas
  8490 | D:8      | Noticed Pikel
  8641 | D:8      | Killed Pikel
  8642 | D:8      | Reached XP level 10. HP: 55/90 MP: 11/11
  8909 | D:8      | Noticed Prince Ribbit
  8924 | D:8      | Killed Prince Ribbit
  9266 | D:8      | Noticed an orange demon
  9267 | D:8      | Noticed Amaemon
  9294 | D:8      | Killed an orange demon
  9347 | D:9      | Gained mutation: Your magical capacity is low. (-10% MP) [a
                  | neqoxec]
  9380 | D:8      | Slain by a chaos spawn

Illustrated notes

Levels and vault maps discovered:
D:1:      lemuel_arrival_hallway, layout_loops_corners,
          shapermc_ecumenical_altar_gd, columned_hall_lemuel
D:2:      layout_basic, minmay_stone_trees_small, minmay_misc_feat_cross
D:3:      layout_loops_ring, uniq_ijyb
D:4:      layout_basic, mainiacjoe_overflow_concentric_impassable
D:5:      layout_basic, evilmike_ruin_ashenzari,
          nemelex_xobeh_ov_fountains_minmay, serial_shops, shop
D:6:      layout_rooms, marbit_many_paths, nicolae_tso_swordbearing_angel,
          nicolae_ru_great_annihilating_truth, nicolae_uskayaw_dance_studio,
          uniq_sigmund
D:7:      layout_basic, mainiacjoe_overflow_24_doors,
          mainiacjoe_overflow_alcove_4, fedhas_bush_and_centaur_altar,
          minmay_temple_entry_drinking_statues, serial_corexii_hall,
          corexii_hall_statues_t, chequers_hall_statues_y, minmay_crystal_water
D:8:      layout_layer_cave, uniq_pikel, uniq_amaemon, uniq_prince_ribbit1
D:9:      layout_roguey, grunt_temple_overflow_lords_of_destruction,
          mainiacjoe_overflow_small_starburst, general_overflow_altar,
          serial_demonic, serial_demonic_a, serial_demonic_e, serial_demonic_g,
          serial_demonic_b, serial_demonic_e, serial_demonic_c,
          serial_demonic_b, serial_demonic_b, serial_demonic_b, serial_demonic_a

Skill      XL: |  1  2  3  4  5  6  7  8  9 10 |
---------------+-------------------------------+-----
Stealth        | 1 |  1.0
Armour         | 1 2 3 4 5 |  5.2
Fighting       | 3 4 5 7 8 |  8.8
Ranged Weapons | 5 6 7 9 11 | 11.9
Dodging        | 3 4 5 |  5.0
Short Blades   | 2 |  2.0
Invocations    | 3 4 |  4.0
Evocations     | 3 |  3.0

Action                     |  1- 3 |  4- 6 |  7- 9 | 10-12 || total
---------------------------+-------+-------+-------+-------++-------
  Melee: Dagger            |       |    24 |   104 |    30 ||   158
         Headbutt          |       |     7 |    19 |     6 ||    32
         Punch             |       |       |     2 |       ||     2
   Fire: Shortbow          |   110 |   125 |   366 |    21 ||   622
  Throw: Dart              |       |       |       |     4 ||     4
  Evoke: Wand              |       |       |    11 |     5 ||    16
    Use: Scroll            |     1 |     8 |     3 |     1 ||    13
         Potion            |       |     2 |       |       ||     2
   Stab: Distracted        |       |     1 |       |       ||     1
 Armour: Leather armour    |    10 |       |       |       ||    10
         Ring mail         |    12 |    75 |   151 |    25 ||   263
  Dodge: Dodged            |    23 |    62 |   160 |    20 ||   265
  Block: Other             |       |       |       |     7 ||     7

Table legend: (Time is in decaauts)
 A = Elapsed time spent in this place.
 B = Non-inter-level travel time spent in this place.
 C = Inter-level travel time spent in this place.
 D = Time resting spent in this place.
 E = Time spent auto-exploring this place.
 F = Levels seen in this place.
 G = Mean time per level.
                   A        B        C        D        E       F      G
               +--------+--------+--------+--------+--------+-----+--------+
         Total |   9395 |   8877 |    518 |   2056 |   5099 |   9 | 1043.9 |
       Dungeon |   9395 |   8877 |    518 |   2056 |   5099 |   9 | 1043.9 |
               +--------+--------+--------+--------+--------+-----+--------+

Top non-repeatable levels by time:
     D:7: 1663 daAuts
     D:3: 1570 daAuts
     D:8: 1529 daAuts
     D:5: 1344 daAuts
     D:4: 940 daAuts
     D:1: 903 daAuts
     D:6: 729 daAuts
     D:2: 708 daAuts
     D:9: 7 daAuts
